 Dungeon Crawl Stone Soup version 0.20-a0-1126-g0f15420 (webtiles) character file.

45 MTVSty1e the Skirmisher (level 3, 0/30 HPs)
             Began as a Merfolk Transmuter on May 17, 2017.
             Slain by an adder (1 damage)
             ... on level 2 of the Dungeon.
             The game lasted 00:02:50 (1260 turns).

MTVSty1e the Skirmisher (Merfolk Transmuter)        Turns: 1260, Time: 00:02:50

Health: 0/30       AC:  2    Str: 11    XL:     3   Next: 64%
Magic:  5/6        EV: 13    Int: 12    God:
Gold:   14         SH:  0    Dex: 14    Spells: 5/6 levels left

rFire    . . .     SeeInvis .   g - +0 short sword
rCold    . . .     Gourm    .   (no shield)
rNeg     . . .     Faith    .   b - +0 robe
rPois    .         Spirit   .   (no helmet)
rElec    .         Reflect  .   (no cloak)
rCorr    .         Harm     .   (no gloves)
MR       .....                  (no boots)
Stlth    +.........             (no amulet)
Regen    0.1/turn               (no ring)
MPRegen  0.1/turn               (no ring)

@: lethally poisoned (0 -> -2), appendage
A: change form in water, swift swim, stealthy swim, horns 2
a: End Transformation


You were on level 2 of the Dungeon.
You were not hungry.
You had grown temporary horns.
You visited 1 branch of the dungeon, and saw 2 of its levels.

You collected 14 gold pieces.

Inventory:

Hand Weapons
 g - a +0 short sword (weapon)
Missiles
 a - 12 arrows
Armour
 b - a +0 robe (worn)
Scrolls
 e - 2 scrolls of fear {unknown}
 f - a scroll of enchant weapon {unknown}
 h - a scroll of random uselessness {unknown}
 i - 2 scrolls of teleportation {unknown}
 l - a scroll of magic mapping {unknown}
Potions
 d - a potion of flight {unknown}
 j - a potion of might {unknown}
 k - a potion of magic {unknown}
Books
 c - a book of Changes

   Spells                             Type                      Level
   a - Beastly Appendage              Transmutation                1
   b - Sticks to Snakes               Transmutation                2
   c - Spider Form                    Transmutation/Poison         3
   d - Ice Form                       Ice/Transmutation            4
   e - Blade Hands                    Transmutation                5


   Skills:
 * Level 3.7 Fighting
 - Level 2.6 Dodging
 - Level 3.2 Unarmed Combat
 - Level 2.0 Spellcasting
 - Level 2.6 Transmutations


You had 5 spell levels left.
You knew the following spells:

 Your Spells              Type           Power        Failure   Level  Hunger
a - Beastly Appendage     Tmut           #.....       9%          1    ##.....


Dungeon Overview and Level Annotations

Branches:
Dungeon (2/15)

Altars:
Okawaru
Uskayaw


Innate Abilities, Weirdness & Mutations

You revert to your normal form in water.
You are very nimble and swift while swimming.
You are very stealthy in the water. (Stealth+)
You have a pair of horns on your head.


Message History

The adder bites you. The goblin hits you with a club.
You hit the adder but do no damage. The leopard gecko bites you.
The adder bites you. The goblin hits you with a club.
* * * LOW HITPOINT WARNING * * *
The leopard gecko closely misses you.
You barely miss the adder. The adder misses you. The goblin closely misses you.
The leopard gecko closely misses you. The adder bites you.
* * * LOW HITPOINT WARNING * * *
You miss the adder. The leopard gecko bites you.
* * * LOW HITPOINT WARNING * * *
The adder bites you.
* * * LOW HITPOINT WARNING * * *
You are poisoned.
The adder poisons you! The goblin closely misses you.
You hit the adder but do no damage.
* * * LOW HITPOINT WARNING * * *
You feel sick. The adder closely misses you. The leopard gecko bites you.
* * * LOW HITPOINT WARNING * * *
The goblin barely misses you. The adder bites you.
You die...

#.# ######### ..# .
#.###.##..#.# #.. ..
#.....##..#.##.# .#
#####.##..#.#.##.#
#.##........##
#.....#.#.##.###
#.............#.
######......#......(#
#..g@......###..#.#.#
#.#S♣l♣.#.## ##.#.#.#
.........# ##..÷..
#.♣.♣.♣)♣.# ##......
#...._...[.###.......
#.♣.♣.♣.♣.#.#........
..........##..#..†<†.
#. #.♣.♣ ##.........
##.#.##<.<


You could see an adder, a leopard gecko and a goblin.

Vanquished Creatures
  2 adders
  A dart slug (D:1)
  A leopard gecko (D:1)
  5 goblins (D:1)
  3 hobgoblins (D:1)
  4 jackals
  2 kobolds (D:1)
  A bat (D:1)
  A frilled lizard (D:1)
  3 rats
23 creatures vanquished.

Notes
Turn   | Place    | Note
-------+----------+-------------------------------------------
     0 | D:1      | MTVSty1e the Merfolk Transmuter began the quest for the Orb.
     0 | D:1      | Reached XP level 1. HP: 15/15 MP: 3/3
   224 | D:1      | Reached XP level 2. HP: 18/22 MP: 5/5
   875 | D:2      | Reached XP level 3. HP: 20/29 MP: 4/6
  1224 | D:2      | Found an iron altar of Okawaru.
  1233 | D:2      | Found a hide-covered altar of Uskayaw.
  1260 | D:2      | HP: 1/30 [leopard gecko (2)]
  1260 | D:2      | Slain by an adder

Vault maps used:
D:1:      dpeg_arrival_renting, serial_bayou_lagoon_a
D:2:      nicolae_overflow_hidden_temple, first_bread, okawaru_trees_1

Skill      XL: |  1  2 |
---------------+-------+-----
Fighting       | 2 3 |  3.7
Dodging        | |  2.6
Unarmed Combat | |  3.2
Spellcasting   | |  2.0
Transmutations | |  2.6

Action                   || total
-------------------------++-------
Melee: Unarmed           ||     8
       Short sword       ||    94
       Headbutt          ||     5
 Cast: Beastly Appendage ||     6
  Use: Potion            ||     1
 Stab: Sleeping          ||     2
  Eat: Bread ration      ||     1
Armor: Robe              ||    11
Dodge: Dodged            ||   107
